 Dungeon Sprint DCSS version 0.19.5 (webtiles) character file.

10 Snowbourne the Sneak (level 2, 0/13 HPs)
             Began as a Spriggan Enchanter on May 12, 2017.
             Slain by a crocodile (13 damage)
             ... in the Dungeon (Sprint II: "The Violet Keep of Menkaure").
             The game lasted 00:02:29 (102 turns).

Snowbourne the Sneak (Spriggan Enchanter)            Turns: 102, Time: 00:02:30

Health: 0/13       AC:  3    Str:  4    XL:     2   Next: 10%
Magic:  6/6        EV: 18    Int: 16    God:
Gold:   243        SH:  0    Dex: 16    Spells: 2 memorised, 3 levels left

rFire  . . .     SeeInvis +     a - +1 dagger
rCold  . . .     Gourm    .     b - +1 robe
rNeg   . . .     Faith    .     (shield restricted)
rPois  .         Spirit   .     (helmet restricted)
rElec  .         Reflect  .     (no cloak)
rCorr  .         Harm     .     (gloves unavailable)
MR     .....     NoTele   +     (boots unavailable)
Stlth  +++.......               (no amulet)
                                (no ring)
                                (no ring)

@: very quick
A: unfitting armour, see invisible, herbivore 3, speed 3, slow metabolism 2
a: no special abilities


You were in the Dungeon.
You were not hungry.

You visited 1 branch You collected 243 gold pieces.

Inventory:

Hand Weapons
 a - a +1 dagger (weapon)
Armour
 b - a +1 robe (worn)
Scrolls
 j - a scroll of blinking
Potions
 e - a potion of curing
 f - a potion of heal wounds
 g - a potion of haste
 h - 2 potions of magic
Books
 c - a book of Maledictions

   Spells                             Type                      Level
   a - Corona                         Hexes                        1
   b - Ensorcelled Hibernation        Hexes/Ice                    2
   c - Confuse                        Hexes                        3
   d - Tukima's Dance                 Hexes                        3
   e - Dazzling Spray                 Conjuration/Hexes            3
Comestibles
 d - a bread ration


   Skills:
 - Level 1.1 Short Blades
 - Level 3.0 Dodging
 + Level 5.7 Stealth
 - Level 2.6 Spellcasting
 * Level 5.6 Hexes


You had 3 spell levels left.
You knew the following spells:

 Your Spells              Type           Power        Failure   Level  Hunger
a - Corona                Hex            ###....      1%          1    #......
b - Ensorcelled Hibernat  Hex/Ice        ##....       10%         2    ##.....


Dungeon Overview and Level Annotations

Branches:
Dungeon (1/1)

Altars:

Shops:
D ?::!%[!=}=:[(:(!

Annotations:
D exclusion: oklob plant


Innate Abilities, Weirdness & Mutations

You are very small and have problems with some larger weapons.
You are too small for most types of armour.
You have supernaturally acute eyesight. (SInv)
You are a herbivore.
You cover ground extremely quickly.
You need consume almost no food.


Message History

You can access your shopping list by pressing '$'.
There is an entrance to Reset's Food Shoppe here.
There is an entrance to Beffaus's Book Emporium here.
There is an entrance to Muj Obru's Jewellery Shoppe here.
There is an entrance to Adaf's Antique Armour Emporium here.
There is an entrance to Azxiufad's Weapon Shoppe here.
There is a fountain of clear blue water here.
There is an entrance to Azxiufad's Weapon Shoppe here.
There is an entrance to Adaf's Antique Armour Emporium here.
There is an entrance to Muj Obru's Jewellery Shoppe here.
There is an entrance to Beffaus's Book Emporium here.
There is an entrance to Beffaus's Book Emporium here.
There is an entrance to Reset's Food Shoppe here.
There is an entrance to Dosol's Gadget Emporium here.
There is an entrance to Kucheror's Antique Weapon Shoppe here.
Really walk into a travel-excluded area?
There is an entrance to Emiar's Distillery here.
You open the door. The crocodile bites you!
Ouch! That really hurt!
You die...

≈## ############≈≈#++
###########≈≈≈...
##.∩.∩....#≈≈≈≈.#
##..∩.∩...#≈≈≈≈#
##...∩.∩..#≈≈≈≈#
##....∩.⌠.#≈≈###
##...∩.∩..#≈##†# #+#
##..∩.∩..@#≈#.####.##
##.∩.∩....t≈+##†'.<.+
##∩.∩.....#≈#...##.##
#▓▓▓▓▓▓▓###≈##.###+#
##?ZZ######≈≈###
#(.E#s( ##≈≈≈
#∩P$+$.#+ +#≈#
#[$(#?##≈# ≈≈#
#?.%###.≈≈ ≈≈


You could see an iron elemental, an oklob plant, a spectral bat, a spectral
adder and a crocodile.

Vanquished Creatures
  3 worms (D)
3 creatures vanquished.

Notes
Turn   | Place    | Note
-------+----------+-------------------------------------------
     0 | D        | Snowbourne the Spriggan Enchanter began the quest for the Orb.
     0 | D        | Reached XP level 1. HP: 9/9 MP: 5/5
     7 | D        | Reached skill level 5 in Stealth
    11 | D        | Reached skill level 5 in Hexes
    44 | D        | Found Emiar's Distillery.
    44 | D        | Found Kucheror's Antique Weapon Shoppe.
    44 | D        | Found Azxiufad's Weapon Shoppe.
    44 | D        | Found Adaf's Antique Armour Emporium.
    45 | D        | Found Kaphoo Ewna's Book Emporium.
    45 | D        | Found Biti's Jewellery Shoppe.
    45 | D        | Found Dosol's Gadget Emporium.
    45 | D        | Found Muj Obru's Jewellery Shoppe.
    47 | D        | Reached XP level 2. HP: 13/13 MP: 6/6
    51 | D        | Learned a level 2 spell: Ensorcelled Hibernation
    52 | D        | Found Qazaong's Distillery.
    52 | D        | Found Ygyimmia's Antique Armour Shoppe.
    52 | D        | Found Reset's Food Shoppe.
    54 | D        | Found Ceoqus's Book Emporium.
    55 | D        | Found Quggaim's Distillery.
    55 | D        | Found Beffaus's Book Emporium.
    55 | D        | Noticed a crocodile
    55 | D        | Noticed an oklob plant
    56 | D        | Found Etocsaph's Magic Scroll Shoppe.
    56 | D        | Found Jaerat's Book Shoppe.
    58 | D        | Noticed an iron elemental
    61 | D        | Noticed a redback
    62 | D        | Noticed a redback
   102 | D        | Slain by a crocodile

Skill      XL: |  1 |
---------------+----+-----
Stealth        | 5 |  5.7
Hexes          | 5 |  5.6
Short Blades   | |  1.1
Dodging        | |  3.0
Spellcasting   | |  2.6

Action                   || total
-------------------------++-------
Melee: Dagger            ||     9
  Use: Potion            ||     1
 Stab: Sleeping          ||     1
Dodge: Dodged            ||     4
